 Dungeon Crawl Stone Soup version 0.26-a0-812-g31a745ddcd (webtiles) character file.

Game seed: 11322484478258112359

123 marklar909 the Ruffian (level 4, -1/36 HPs)
             Began as a Draconian Transmuter on Nov 14, 2020.
             Slain by a scorpion (6 damage)
             ... on level 4 of the Dungeon.
             The game lasted 00:05:17 (4756 turns).

marklar909 the Ruffian (Draconian Transmuter)       Turns: 4756, Time: 00:05:18

Health: -1/36      AC:  5    Str: 13    XL:     4   Next: 79%
Magic:  7/7        EV: 12    Int: 13    God:
Gold:   240        SH:  0    Dex: 12    Spells: 1/7 levels left

rFire    . . .     SeeInvis .     - Unarmed
rCold    . . .     Faith    .   (no shield)
rNeg     . . .     Spirit   .   (armour unavailable)
rPois    .         Reflect  .   (helmet restricted)
rElec    .         Harm     .   (no cloak)
rCorr    .         Rampage  .   (no gloves)
MR       .....                  (no boots)
Stlth    +.........             (no amulet)
HPRegen  0.12/turn              (no ring)
MPRegen  0.10/turn              (no ring)

@: lethally poisoned (-1 -> -2)
A: unfitting armour, cold-blooded, AC +5
a: no special abilities


You were on level 4 of the Dungeon.
You visited 1 branch of the dungeon, and saw 4 of its levels.

You collected 240 gold pieces.

Inventory:

Missiles
 b - 91 stones
 j - 2 javelins
 m - 3 poisoned darts (quivered)
Scrolls
 a - a scroll of identify
 e - a scroll of amnesia {unknown}
 f - a scroll of remove curse
 h - 3 scrolls of teleportation
 o - a scroll of enchant armour {unknown}
Potions
 d - a potion of attraction
 g - a potion of might {unknown}
 i - 2 potions of degeneration
 k - a potion of lignification {unknown}
 l - a potion of heal wounds {unknown}
 n - a potion of haste {unknown}
 p - a potion of curing {unknown}


   Skills:
 * Level 1.8 Fighting
 + Level 0.4 Throwing
 * Level 2.4 Dodging
 + Level 0.5 Stealth
 + Level 4.0 Unarmed Combat
 - Level 2.0 Spellcasting
 * Level 3.1 Transmutations


You had one spell level left.
You knew the following spells:

 Your Spells              Type           Power        Failure   Level
a - Beastly Appendage     Tmut           #.....       7%          1
b - Wereblood             Tmut           #.......     11%         2
c - Spider Form           Tmut/Pois      #.........   38%         3

Your spell library contained the following spells:

 Spells                   Type           Power        Failure   Level
 Ice Form                 Ice/Tmut       #.......     80%         4
 Blade Hands              Tmut           #.........   89%         5


Dungeon Overview and Level Annotations

Branches:
Dungeon (4/15)
 Temple: D:4-7

Altars:
Okawaru

Annotations:
D:3 Sigmund


Innate Abilities, Weirdness & Mutations

Your plain brown scales are hard. (AC +5)
You cannot fit into any form of body armour.
You are cold-blooded and may be slowed by cold attacks.


Message History

Unknown command.
You barely miss the scorpion.
You feel sick. The scorpion stings you.
Unknown command.
Okay, then.
You hit the scorpion. You tail-slap the scorpion.
The scorpion is heavily wounded.
The scorpion misses you.
Unknown command.
You hit the scorpion.
The scorpion is heavily wounded.
The scorpion closely misses you.
You hit the scorpion.
The scorpion is severely wounded.
The scorpion stings you!
* * * LOW HITPOINT WARNING * * *
Unknown command.
You hit the scorpion.
The scorpion is severely wounded.
You feel sick. The scorpion stings you.
You die...

### #
###..#####.##
#...........##.
#...........
##..##......
#s## ....# #@#
.### #.# # .##
#. .. ..# ##


You could see a scorpion.

Vanquished Creatures
  A worker ant (D:4)
  2 adders
  An ooze (D:1)
  2 worms (D:2)
  2 dart slugs
  A leopard gecko (D:3)
  5 orcs (D:3)
  3 bats (D:1)
  A giant cockroach (D:1)
  9 goblins
  4 hobgoblins
  4 jackals
  2 quokkas
  5 frilled lizards
  10 kobolds
  5 rats
57 creatures vanquished.

Vanquished Creatures (others)
  2 plants (D:1)
2 creatures vanquished.

Grand Total: 59 creatures vanquished

Notes
Turn   | Place    | Note
-------+----------+-------------------------------------------
     0 | D:1      | marklar909 the Draconian Transmuter began the quest for the
                  | Orb.
     0 | D:1      | Reached XP level 1. HP: 16/16 MP: 3/3
   661 | D:1      | Reached XP level 2. HP: 23/23 MP: 3/5
  2101 | D:2      | Reached XP level 3. HP: 28/28 MP: 6/6
  2252 | D:2      | Found an iron altar of Okawaru.
  2350 | D:2      | Learned a level 2 spell: Wereblood
  2354 | D:2      | Learned a level 3 spell: Spider Form
  3340 | D:3      | Reached XP level 4. HP: 32/35 MP: 5/7
  3552 | D:3      | Noticed Sigmund
  4750 | D:4      | Reached skill level 4 in Unarmed Combat
  4756 | D:4      | Slain by a scorpion

Illustrated notes

Levels and vault maps discovered:
D:1:      heliophobic_arrival_ceremonial_halls, layout_basic, serial_forest,
          infiniplex_forest_lined_room_3, infiniplex_forest_lined_3_way,
          infiniplex_forest_clump_medium, infiniplex_forest_end_double,
          infiniplex_forest_zigzag_1, infiniplex_forest_end_3,
          infiniplex_forest_pool, infiniplex_forest_straight_3,
          patterned_corridor
D:2:      layout_loops_corners, kennysheep_okawaru_gauntlet,
          nicolae_overflow_hidden_temple
D:3:      layout_basic, minivault_11, uniq_sigmund
D:4:      layout_layer_cave, lightli_sewer_entry_pipes

Skill      XL: |  1  2  3  4 |
---------------+-------------+-----
Dodging        | 2 |  2.4
Transmutations | 3 |  3.1
Unarmed Combat | 4 |  4.0
Fighting       | |  1.8
Throwing       | |  0.4
Stealth        | |  0.5
Spellcasting   | |  2.0

Action                   |  1- 3 |  4- 6 || total
-------------------------+-------+-------++-------
Melee: Unarmed           |   122 |    67 ||   189
       Kick              |    17 |     7 ||    24
       Tailslap          |    10 |     7 ||    17
       Headbutt          |     7 |     2 ||     9
       Punch             |     3 |       ||     3
Throw: Stone             |    33 |     2 ||    35
       Javelin           |     2 |       ||     2
       Dart              |     3 |     3 ||     6
 Cast: Beastly Appendage |    33 |    10 ||    43
       Wereblood         |       |     1 ||     1
  Use: Scroll            |       |     5 ||     5
       Potion            |       |     1 ||     1
 Stab: Sleeping          |     1 |     2 ||     3
       Invisible         |       |     1 ||     1
Armor: Skin              |    43 |    16 ||    59
Dodge: Dodged            |    74 |    45 ||   119

Table legend: (Time is in decaauts)
 A = Elapsed time spent in this place.
 B = Non-inter-level travel time spent in this place.
 C = Inter-level travel time spent in this place.
 D = Time resting spent in this place.
 E = Time spent auto-exploring this place.
 F = Levels seen in this place.
 G = Mean time per level.
                   A        B        C        D        E       F      G
               +--------+--------+--------+--------+--------+-----+--------+
         Total |   4749 |   4556 |    193 |    704 |   3263 |   4 | 1187.2 |
       Dungeon |   4749 |   4556 |    193 |    704 |   3263 |   4 | 1187.2 |
               +--------+--------+--------+--------+--------+-----+--------+

Top non-repeatable levels by time:
     D:2: 1824 daAuts
     D:1: 1568 daAuts
     D:3: 1327 daAuts
     D:4: 29 daAuts
